 Dungeon Crawl Stone Soup version 0.31-a0-354-g827e0957a7 (webtiles) character file.

Game seed: 9174109130518402331

103 hashsling the Grasshopper (level 5, -2/39 HPs)
             Began as a Human Warper on July 23, 2023.
             Was an Initiate of Gozag.
             Killed from afar by an orc wizard (5 damage)
             ... with a puff of flame
             ... on level 3 of the Dungeon.
             The game lasted 00:10:52 (2114 turns).

hashsling the Grasshopper (Human Warper)            Turns: 2114, Time: 00:10:53

Health: -2/39      AC:  8    Str: 14    XL:     5   Next: 6%
Magic:  8/8        EV:  7    Int: 13    God:    Gozag
Gold:   215        SH:  0    Dex: 12    Spells: 8/8 levels left

rFire   . . .        a - +0 spear
rCold   . . .        (no shield)
rNeg    . . .        n - +0 chain mail
rPois   .            (no helmet)
rElec   .            (no cloak)
rCorr   .            (no gloves)
SInv    .            (no boots)
Will    .....        (no amulet) Stlth
                     (no ring)
HPRegen 0.26/turn    (no ring)
MPRegen 0.11/turn

%: no passive effects
@: gold aura
A: no striking features
a: Renounce Religion, Potion Petition, Call Merchant, Bribe Branch


You were on level 3 of the Dungeon.
You worshipped Gozag.
Gozag was aware of your devotion.
You visited 1 branch of the dungeon, and saw 3 of its levels.

You collected 243 gold pieces.
You paid 28 gold pieces to Gozag.

Inventory:

Hand Weapons
 a - a +0 spear (weapon)
Armour
 b - a +0 leather armour
 n - a +0 chain mail (worn)
Scrolls
 c - 2 scrolls of blinking
 e - 2 scrolls of noise {unknown}
 f - 5 scrolls of identify {unknown}
 g - 2 scrolls of amnesia {unknown}
 h - a scroll of silence {unknown}
 m - a scroll of teleportation {unknown}
Potions
 i - a potion of curing {unknown}
 j - 2 potions of attraction {unknown}
 k - 2 potions of heal wounds {unknown}
 l - a potion of magic {unknown}


   Skills:
 + Level 2.7 Fighting
 + Level 2.5 Polearms
 + Level 1.6 Throwing
 + Level 1.6 Armour
 + Level 2.5 Dodging
 + Level 2.4 Spellcasting
 + Level 3.4 Translocations


You had 8 spell levels left.
You didn't know any spells.
Your spell library contained the following spells:

 Spells                   Type           Power      Damage    Failure   Level
 Blink                    Tloc           20%        N/A       85%         2
 Lesser Beckoning         Tloc           20%        N/A       85%         2
 Teleport Other           Tloc           10%        N/A       97%         3
 Vhi's Electric Charge    Tloc/Air       12%        N/A       100%        3
 Manifold Assault         Tloc           10%        N/A       100%        4


Dungeon Overview and Level Annotations

Branches:
Dungeon (3/15)

Altars:
Gozag

Shops:
D:3 [*


Message History

You hit the orc.
The orc is severely wounded.
The orc barely misses you.
The orc wizard hits you but does no damage.
You hit the orc.
You kill the orc!
The orc wizard barely misses you.
The orc wizard points at you and mumbles some strange words.
The magic dart hits you.
* * * LOW HITPOINT WARNING * * *
Things that are here:
5 gold pieces; a +0 short sword; a +0 scale mail The orc wizard hits you but does no damage.
You closely miss the orc wizard.
The orc wizard is severely wounded.
You hit the orc wizard.
The orc wizard is severely wounded.
The orc wizard hits you but does no damage.
You hit the orc wizard but do no damage.
The orc wizard is severely wounded.
The orc wizard closely misses you.
You barely miss the orc wizard.
The orc wizard is severely wounded.
The orc wizard points at you and mumbles some strange words.
You resist with some effort.
You completely miss the orc wizard.
The orc wizard is severely wounded.
The orc wizard casts a spell at you. The magic dart hits you.
* * * LOW HITPOINT WARNING * * *
You hit the orc wizard but do no damage.
The orc wizard is severely wounded.
The orc wizard hits you with a +0 dagger.
* * * LOW HITPOINT WARNING * * *
You hit the orc wizard.
The orc wizard is almost dead.
The orc wizard casts a spell at you. The puff of flame hits you.
You die...
Your body crumbles into a pile of gold.

..# ##.##.#.## ##.o.# #.#
#..##.#.# #..### #o#
#.###.#.# ###.## #.##
##.......# ####o..# #..#
#.....#.## ##....###
##.#####.....#.#######..####
##)...##.#...#.##...$..##
.###...........o..######
...............$@........
#........................
.)##.........############
####.........# #......####
#......# #......# #[.....#
#......#


You could see an orc wizard.

Vanquished Creatures
  An orc priest (D:3)
  An adder (D:2)
  2 worms (D:2)
  A dart slug (D:3)
  3 orcs (D:3)
  4 endoplasms
  4 giant cockroaches
  2 goblins
  4 hobgoblins
  3 jackals (D:3)
  5 quokkas
  4 ball pythons
  2 bats
  4 frilled lizards
  9 kobolds
  4 rats
53 creatures vanquished.

Notes
Turn   | Place    | Note
-------+----------+-------------------------------------------
     0 | D:1      | hashsling the Human Warper began the quest for the Orb.
     0 | D:1      | Reached XP level 1. HP: 16/16 MP: 3/3
   199 | D:1      | Reached XP level 2. HP: 22/22 MP: 5/5
   603 | D:1      | Reached XP level 3. HP: 27/27 MP: 6/6
  1258 | D:2      | Found an opulent altar of Gozag.
  1266 | D:2      | Became a worshipper of Gozag Ym Sagoz the Greedy
  1470 | D:2      | Reached XP level 4. HP: 22/34 MP: 7/7
  1788 | D:3      | Found Rodate's Armour Boutique.
  1934 | D:3      | Reached XP level 5. HP: 36/39 MP: 8/8
  1955 | D:3      | Found Piux's General Store.
  2072 | D:3      | Upgraded the game from 0.31-a0-345-g1ebeae05c6 to
                  | 0.31-a0-354-g827e0957a7
  2114 | D:3      | Killed from afar by an orc wizard

Illustrated notes

Levels and vault maps discovered:
D:1:      dpeg_arrival_refuge, layout_basic
D:2:      layout_loops_cross, basic_altar
D:3:      layout_rooms, serial_shops, shop, nicolae_shop_back_alley_shop

Action                     |  1- 3 |  4- 6 || total
---------------------------+-------+-------++-------
  Melee: Spear             |   136 |   103 ||   239
         Punch             |     1 |     3 ||     4
  Throw: Boomerang         |     3 |     4 ||     7
   Stab: Distracted        |       |     1 ||     1
 Armour: Leather armour    |    18 |     7 ||    25
         Chain mail        |       |    38 ||    38
  Dodge: Dodged            |    55 |    32 ||    87

Table legend: (Time is in decaauts)
 A = Elapsed time spent in this place.
 B = Non-inter-level travel time spent in this place.
 C = Inter-level travel time spent in this place.
 D = Time resting spent in this place.
 E = Time spent auto-exploring this place.
 F = Levels seen in this place.
 G = Mean time per level.
                   A        B        C        D        E       F      G
               +--------+--------+--------+--------+--------+-----+--------+
         Total |   2110 |   2029 |     81 |      0 |   1449 |   3 |  703.3 |
       Dungeon |   2110 |   2029 |     81 |      0 |   1449 |   3 |  703.3 |
               +--------+--------+--------+--------+--------+-----+--------+

Top non-repeatable levels by time:
     D:1: 800 daAuts
     D:2: 796 daAuts
     D:3: 513 daAuts
